[Event "AUT-ch 2018"]
[Site "Vienna"]
[Date "2018.07.25"]
[Round "5"]
[White "Wagner, Leopold Franziskus"]
[Black "Konecny, Sophie"]
[Result "1-0"]
[ECO "C68"]
[WhiteElo "2108"]
[BlackElo "1889"]
[Annotator "NA"]
[PlyCount "43"]
[EventDate "2018.07.22"]
[EventType "swiss"]
[EventCountry "AUT"]
[SourceTitle "playchess.com"]
[Source "ChessBase"]
[SourceQuality "1"]
[TimeControl "40/5400+30:1800+30"]

1. e4 e5 2. Nf3 Nc6 3. Bb5 a6 4. Bxc6 bxc6 5. O-O d6 6. d4 Bg4 7. h3 Bxf3 8. Qxf3 Nf6 9. Qc3 Qd7 10. Re1 exd4 11. Qxd4 Be7 12. e5 dxe5 13. Qxe5 Kf8 14. Nc3 h5 15. Bg5 Bd6 16. Qa5 h4 17. Bxf6 gxf6 18. Rad1 Rg8 19. Qh5 Rb8 20. Ne4 Rg6 21. Qh8+ Rg8 22. Qxg8+ 1-0

[Event "AUT-ch 2018"]
[Site "Vienna"]
[Date "2018.07.25"]
[Round "5"]
[White "Schloffer, Jasmin-Denise"]
[Black "Gelbenegger, Patrick"]
[Result "1-0"]
[ECO "E33"]
[WhiteElo "2102"]
[BlackElo "2260"]
[Annotator "NA"]
[PlyCount "95"]
[EventDate "2018.07.22"]
[EventType "swiss"]
[EventCountry "AUT"]
[SourceTitle "playchess.com"]
[Source "ChessBase"]
[SourceQuality "1"]
[TimeControl "40/5400+30:1800+30"]

1. d4 Nf6 2. c4 e6 3. Nc3 Bb4 4. Qc2 Nc6 5. Nf3 d6 6. Bd2 Qe7 7. a3 Bxc3 8. Bxc3 e5 9. e3 Bg4 10. d5 Nb8 11. Be2 Nbd7 12. Ng1 O-O 13. h3 Bxe2 14. Nxe2 Ne8 15. Ng3 Qg5 16. e4 Nef6 17. Bd2 Qh4 18. O-O Nh5 19. Nf5 Qf6 20. g3 Qd8 21. Kh2 Nhf6 22. b4 Re8 23. Qd3 Nf8 24. Rg1 Ng6 25. Qf3 Nd7 26. h4 Ne7 27. Ne3 Rf8 28. h5 Kh8 29. g4 Ng8 30. g5 a5 31. b5 Nc5 32. Nf5 b6 33. Rae1 Qd7 34. Rg2 a4 35. Reg1 Nb3 36. Be3 Na5 37. g6 fxg6 38. hxg6 h6 39. Qh5 Rxf5 40. exf5 Nf6 41. Qh3 Kg8 42. Rc1 Rf8 43. Bxh6 gxh6 44. g7 Rf7 45. Qxh6 Nh7 46. Qxh7+ Kxh7 47. g8=Q+ Kh6 48. Qg6# 1-0

[Event "AUT-ch 2018"]
[Site "Vienna"]
[Date "2018.07.25"]
[Round "5"]
[White "Ehs, Dominik"]
[Black "Goessler, Markus"]
[Result "0-1"]
[ECO "C50"]
[WhiteElo "2097"]
[BlackElo "2190"]
[Annotator "NA"]
[PlyCount "68"]
[EventDate "2018.07.22"]
[EventType "swiss"]
[EventCountry "AUT"]
[SourceTitle "playchess.com"]
[Source "ChessBase"]
[SourceQuality "1"]
[TimeControl "40/5400+30:1800+30"]

1. e4 e5 2. Nf3 Nc6 3. Bc4 Bc5 4. O-O Nf6 5. d3 d6 6. c3 h6 7. h3 O-O 8. Bb3 a6 9. Re1 Ba7 10. Nbd2 Ne7 11. Nf1 Ng6 12. a4 c6 13. Bc2 Nh7 14. Ng3 Ng5 15. Be3 Bxe3 16. Rxe3 Nf4 17. Nf5 Qf6 18. d4 Nxe4 19. Bxe4 Bxf5 20. Bxf5 Qxf5 21. dxe5 Qg6 22. Nh4 Qg5 23. Qg4 dxe5 24. Qxg5 hxg5 25. Nf5 f6 26. c4 Rfd8 27. Raa3 Rd1+ 28. Kh2 Rad8 29. Rab3 R8d7 30. Rec3 R1d2 31. c5 Rxf2 32. Rg3 Ne6 33. Rgd3 Rxd3 34. Rxd3 Rxf5 0-1

[Event "AUT-ch 2018"]
[Site "Vienna"]
[Date "2018.07.25"]
[Round "5"]
[White "Jedinger, Andreas"]
[Black "Prüll, Lukas"]
[Result "1-0"]
[ECO "C81"]
[WhiteElo "2090"]
[BlackElo "2090"]
[Annotator "NA"]
[PlyCount "89"]
[EventDate "2018.07.22"]
[EventType "swiss"]
[EventCountry "AUT"]
[SourceTitle "playchess.com"]
[Source "ChessBase"]
[SourceQuality "1"]
[TimeControl "40/5400+30:1800+30"]

1. e4 e5 2. Nf3 Nc6 3. Bb5 a6 4. Ba4 Nf6 5. O-O Nxe4 6. d4 b5 7. Bb3 d5 8. dxe5 Be6 9. Qe2 Be7 10. Rd1 O-O 11. c4 bxc4 12. Bxc4 Nc5 13. Nc3 d4 14. Bxe6 Nxe6 15. Be3 Qd7 16. Rac1 f6 17. exf6 Rxf6 18. Nxd4 Nexd4 19. Bxd4 Nxd4 20. Qc4+ Kh8 21. Qxd4 Bd6 22. Ne4 Re6 23. Nxd6 Rxd6 24. Rxc7 Qxc7 25. Qxd6 Qxd6 26. Rxd6 Kg8 27. Kf1 a5 28. Ke2 Rb8 29. b3 Kf7 30. Ra6 Rb5 31. Kd3 Rc5 32. f4 Rf5 33. g3 Rd5+ 34. Kc4 Rd2 35. Rxa5 Rxh2 36. a4 Rg2 37. b4 Rxg3 38. b5 Rg6 39. Ra7+ Ke8 40. a5 Kd8 41. b6 Kc8 42. Kb5 Kb8 43. Rf7 Rf6 44. Rxg7 Rf5+ 45. Ka6 1-0

[Event "AUT-ch 2018"]
[Site "Vienna"]
[Date "2018.07.25"]
[Round "5"]
[White "Hatzl, Johannes"]
[Black "Jakits, Leopold"]
[Result "1/2-1/2"]
[ECO "B18"]
[WhiteElo "2068"]
[BlackElo "2161"]
[Annotator "NA"]
[PlyCount "66"]
[EventDate "2018.07.22"]
[EventType "swiss"]
[EventCountry "AUT"]
[SourceTitle "playchess.com"]
[Source "ChessBase"]
[SourceQuality "1"]
[TimeControl "40/5400+30:1800+30"]

1. e4 c6 2. d4 d5 3. Nc3 dxe4 4. Nxe4 Bf5 5. Ng3 Bg6 6. h4 h6 7. Nh3 e6 8. Nf4 Bh7 9. Bc4 Nf6 10. O-O Bd6 11. Ngh5 O-O 12. Re1 Nxh5 13. Nxh5 Qxh4 14. g3 Qe7 15. Qg4 g5 16. Bf4 Bf5 17. Bxd6 Qxd6 18. Nf6+ Kg7 19. Nh5+ Kg8 20. Nf6+ Kg7 21. Nh5+ Kh8 22. Qf3 Nd7 23. c3 Bg6 24. Nf6 Kg7 25. Nxd7 Qxd7 26. Re5 Rad8 27. Rae1 Qc7 28. Bb3 Qb6 29. R1e2 Qa6 30. Qg4 Bf5 31. Qh5 Bg6 32. Qg4 Bf5 33. Qh5 Bg6 1/2-1/2

[Event "AUT-ch 2018"]
[Site "Vienna"]
[Date "2018.07.25"]
[Round "5"]
[White "Niedersberger, Andreas"]
[Black "Steiner, Bruno"]
[Result "0-1"]
[ECO "C55"]
[WhiteElo "2058"]
[BlackElo "2194"]
[Annotator "NA"]
[PlyCount "67"]
[EventDate "2018.07.22"]
[EventType "swiss"]
[EventCountry "AUT"]
[SourceTitle "playchess.com"]
[Source "ChessBase"]
[SourceQuality "1"]
[TimeControl "40/5400+30:1800+30"]

1. e4 e5 2. Nf3 Nc6 3. Bc4 Nf6 4. d3 Be7 5. O-O d6 6. Re1 Na5 7. Bb5+ c6 8. Ba4 b5 9. Bb3 O-O 10. h3 h6 11. Be3 Qc7 12. c3 Nxb3 13. Qxb3 Be6 14. Qc2 Nd7 15. Qe2 f5 16. exf5 Rxf5 17. Nbd2 Raf8 18. a4 bxa4 19. Rxa4 Nb6 20. Ra6 c5 21. Rea1 Nc8 22. d4 exd4 23. cxd4 Bd5 24. dxc5 dxc5 25. Ne1 Kh8 26. Qd3 c4 27. Qd4 Bf6 28. Rxf6 R8xf6 29. g4 Re5 30. Nc2 Bg8 31. f4 Re8 32. Nf3 Rd6 33. Qc5 Qb7 34. Ncd4 0-1

[Event "AUT-ch 2018"]
[Site "Vienna"]
[Date "2018.07.25"]
[Round "5"]
[White "Feit, Florian"]
[Black "Hupfer, Robert"]
[Result "0-1"]
[ECO "E06"]
[WhiteElo "2012"]
[BlackElo "2122"]
[Annotator "NA"]
[PlyCount "82"]
[EventDate "2018.07.22"]
[EventType "swiss"]
[EventCountry "AUT"]
[SourceTitle "playchess.com"]
[Source "ChessBase"]
[SourceQuality "1"]
[TimeControl "40/5400+30:1800+30"]

1. d4 d5 2. Nf3 e6 3. g3 Nf6 4. c4 Be7 5. Bg2 O-O 6. O-O dxc4 7. Qc2 a6 8. a4 Nbd7 9. e4 c5 10. e5 Nd5 11. dxc5 Nxc5 12. Qxc4 b5 13. Qg4 f5 14. exf6 Nxf6 15. Qd4 Bb7 16. Qxd8 Rfxd8 17. axb5 axb5 18. Rxa8 Bxa8 19. Na3 b4 20. Nc4 Nd3 21. Nce5 Bxf3 22. Nxf3 Rc8 23. Be3 Nxb2 24. Nd4 e5 25. Nc6 Bd6 26. Rb1 Nd3 27. Bd2 e4 28. Nd4 Rc4 29. Nf5 Bc5 30. Ne3 Bxe3 31. Bxe3 Nd5 32. Rb3 Nxe3 33. fxe3 Nc5 34. Rb1 b3 35. h4 Kf7 36. Kf2 Rc2+ 37. Kg1 b2 38. Kh2 Kf6 39. Kh3 Ke5 40. Bf1 Na4 41. Bb5 Rc1 0-1

[Event "AUT-ch 2018"]
[Site "Vienna"]
[Date "2018.07.26"]
[Round "6"]
[White "Dragnev, Valentin"]
[Black "Blohberger, Felix"]
[Result "1-0"]
[ECO "D96"]
[WhiteElo "2499"]
[BlackElo "2420"]
[Annotator "ChessBase"]
[PlyCount "69"]
[EventDate "2018.07.22"]
[EventType "swiss"]
[EventCountry "AUT"]
[SourceTitle "playchess.com"]
[Source "ChessBase"]
[SourceQuality "1"]
[TimeControl "40/5400+30:1800+30"]

1. d4 Nf6 2. c4 c6 3. Nc3 d5 4. Nf3 g6 5. cxd5 cxd5 6. Bf4 Bg7 7. e3 O-O 8. h3 Qb6 9. a3 Bd7 10. Rb1 Bf5 11. Na4 Qd8 12. Rc1 Nc6 13. Be2 Rc8 14. b4 Nb8 15. O-O Rxc1 16. Qxc1 Nbd7 17. Bh2 Qa8 18. Qb2 Rc8 19. Rc1 Nf8 20. Nc5 N6d7 21. g4 Be6 22. Rc2 Nxc5 23. bxc5 b6 24. Qc1 bxc5 25. dxc5 Qc6 26. Nd4 Qa4 27. Bb5 Qa5 28. Bf1 Qa4 29. c6 f5 30. Nxe6 Nxe6 31. Bg2 Qa5 32. Rd2 d4 33. exd4 f4 34. Qc4 Kf7 35. Re2 1-0

[Event "AUT-ch 2018"]
[Site "Vienna"]
[Date "2018.07.26"]
[Round "6"]
[White "Schreiner, Peter"]
[Black "Wallner, Joachim"]
[Result "1-0"]
[ECO "A06"]
[WhiteElo "2467"]
[BlackElo "2311"]
[Annotator "ChessBase"]
[PlyCount "57"]
[EventDate "2018.07.22"]
[EventType "swiss"]
[EventCountry "AUT"]
[SourceTitle "playchess.com"]
[Source "ChessBase"]
[SourceQuality "1"]
[TimeControl "40/5400+30:1800+30"]

1. Nf3 d5 2. g3 Nf6 3. Bg2 c6 4. O-O e6 5. d4 Be7 6. c4 O-O 7. Nbd2 b6 8. Qc2 Nbd7 9. e4 Bb7 10. e5 Ne8 11. cxd5 cxd5 12. Nb1 Rc8 13. Nc3 b5 14. Qd3 b4 15. Ne2 Nc7 16. Qe3 a5 17. Nf4 Ba6 18. Re1 Re8 19. Nh5 g6 20. Nf4 Bf8 21. h4 Nb6 22. Nh3 Nc4 23. Qf4 Qd7 24. Nh2 Bg7 25. Ng4 Qe7 26. h5 a4 27. hxg6 fxg6 28. Nf6+ Kh8 29. Qh4 1-0

[Event "AUT-ch 2018"]
[Site "Vienna"]
[Date "2018.07.26"]
[Round "6"]
[White "Schwabeneder, Florian"]
[Black "Mostbauer, Florian"]
[Result "1-0"]
[ECO "B13"]
[WhiteElo "2431"]
[BlackElo "2319"]
[Annotator "NA"]
[PlyCount "87"]
[EventDate "2018.07.22"]
[EventType "swiss"]
[EventCountry "AUT"]
[SourceTitle "playchess.com"]
[Source "ChessBase"]
[SourceQuality "1"]
[TimeControl "40/5400+30:1800+30"]

1. e4 c6 2. d4 d5 3. exd5 cxd5 4. Nf3 Nc6 5. Bb5 Qa5+ 6. Nc3 Nf6 7. Ne5 Bd7 8. Nxd7 Nxd7 9. O-O a6 10. Bxc6 bxc6 11. Re1 e6 12. Qg4 Nf6 13. Qg5 Qb6 14. Qg3 Be7 15. Qd3 O-O 16. Re3 Rfc8 17. Na4 Qb5 18. Qxb5 cxb5 19. Nb6 Ne4 20. c3 Rab8 21. Nxc8 Rxc8 22. Re2 h6 23. f3 Nd6 24. Kf2 b4 25. cxb4 Nf5 26. Be3 Rc4 27. a3 Bf6 28. Rd1 Nxd4 29. Bxd4 Bxd4+ 30. Kf1 e5 31. Red2 g5 32. g4 Kg7 33. Ke2 f5 34. Rxd4 exd4 35. Kd3 Kf6 36. Re1 f4 37. Rh1 Rc7 38. h4 Re7 39. hxg5+ Kxg5 40. Kxd4 Re3 41. Rh3 Rb3 42. Kxd5 Rxb2 43. Rh5+ Kg6 44. Ke4 1-0

[Event "AUT-ch 2018"]
[Site "Vienna"]
[Date "2018.07.26"]
[Round "6"]
[White "Froewis, Georg"]
[Black "Diermair, Andreas"]
[Result "1/2-1/2"]
[ECO "A00"]
[WhiteElo "2427"]
[BlackElo "2508"]
[Annotator "ChessBase"]
[PlyCount "94"]
[EventDate "2018.07.22"]
[EventType "swiss"]
[EventCountry "AUT"]
[SourceTitle "playchess.com"]
[Source "ChessBase"]
[SourceQuality "1"]
[TimeControl "40/5400+30:1800+30"]

1. g3 e5 2. Bg2 d5 3. d3 Nf6 4. Nf3 Bd6 5. O-O O-O 6. Nc3 c6 7. e4 dxe4 8. dxe4 Na6 9. Qe2 Nc5 10. Rd1 Qc7 11. Be3 Re8 12. h3 Ne6 13. Nh4 Bf8 14. Rac1 g6 15. Nb1 b6 16. c3 Bb7 17. Qc2 Rac8 18. Nd2 c5 19. Bf1 Qc6 20. f3 Nh5 21. Kh2 b5 22. b3 a6 23. Ng2 Qc7 24. Be2 Qe7 25. Nf1 Qf6 26. Qd2 Red8 27. Qe1 Re8 28. Qd2 Bc6 29. Qe1 Rc7 30. Qf2 Qg7 31. Bd2 f5 32. exf5 gxf5 33. f4 Nf6 34. Bf3 Ne4 35. Bxe4 Bxe4 36. fxe5 Qxe5 37. Bf4 Nxf4 38. Nxf4 Bh6 39. Nd2 Rf7 40. Re1 Qc7 41. Re2 Bc6 42. Rxe8+ Bxe8 43. Re1 Bc6 44. Nf1 Re7 45. Ne3 Re4 46. Nxf5 Bxf4 47. gxf4 Rxe1 1/2-1/2

[Event "AUT-ch 2018"]
[Site "Vienna"]
[Date "2018.07.26"]
[Round "6"]
[White "Fauland, Alexander"]
[Black "Schloffer, Jasmin-Denise"]
[Result "0-1"]
[ECO "A39"]
[WhiteElo "2419"]
[BlackElo "2102"]
[Annotator "RC"]
[PlyCount "102"]
[EventDate "2018.07.22"]
[EventType "swiss"]
[EventCountry "AUT"]
[SourceTitle "playchess.com"]
[Source "ChessBase"]
[SourceQuality "1"]
[TimeControl "40/5400+30:1800+30"]

1. Nf3 Nf6 2. c4 c5 3. g3 Nc6 4. Bg2 g6 5. Nc3 Bg7 6. O-O O-O 7. d4 cxd4 8. Nxd4 Qb6 9. Nc2 d6 10. b3 Bd7 11. Bb2 Ne5 12. Qd2 Bc6 13. e4 a5 14. Nd4 Nfd7 15. Nxc6 bxc6 16. Na4 Qa7 17. Rad1 Nb6 18. Nxb6 Qxb6 19. Bc3 Rfd8 20. Rb1 c5 21. f4 Nc6 22. Bxg7 Kxg7 23. f5 Ne5 24. f6+ exf6 25. Qf4 Qc7 26. Qxf6+ Kg8 27. Rbd1 a4 28. Rd5 axb3 29. axb3 Rab8 30. Rfd1 Ng4 31. Qf4 Ne5 32. Qf6 Ng4 33. Qg5 Ne5 34. b4 h6 35. Qf6 Nxc4 36. bxc5 Ne3 37. cxd6 Qb6 38. Kh1 Nxd5 39. exd5 Qxd6 40. Qh4 h5 41. Qd4 Rdc8 42. Rf1 Rb4 43. Qf2 Rc7 44. Rd1 Rcb7 45. Qe1 Rb8 46. Rc1 Rb2 47. Qe4 Qb6 48. Qf4 Rb1 49. Rxb1 Qxb1+ 50. Bf1 Rd8 51. Qf3 Rxd5 0-1

[Event "AUT-ch 2018"]
[Site "Vienna"]
[Date "2018.07.26"]
[Round "6"]
[White "Schroll, Gerhard"]
[Black "Steiner, Adam"]
[Result "1-0"]
[ECO "B10"]
[WhiteElo "2295"]
[BlackElo "2174"]
[Annotator "NA"]
[PlyCount "87"]
[EventDate "2018.07.22"]
[EventType "swiss"]
[EventCountry "AUT"]
[SourceTitle "playchess.com"]
[Source "ChessBase"]
[SourceQuality "1"]
[TimeControl "40/5400+30:1800+30"]

1. c4 c6 2. e4 d5 3. cxd5 cxd5 4. exd5 Nf6 5. Bb5+ Nbd7 6. Nc3 g6 7. d4 Bg7 8. d6 e6 9. Nf3 O-O 10. O-O a6 11. Be2 Nb6 12. Bf4 Nh5 13. Be3 Qxd6 14. Ne5 Nf6 15. Bf4 Nbd5 16. Nxd5 Nxd5 17. Bg3 Qb4 18. Rb1 Rd8 19. a3 Qb6 20. Qa4 Qa7 21. Rfd1 b5 22. Qc2 Bd7 23. Qc5 Rdc8 24. Qxa7 Rxa7 25. Bf3 Nb6 26. Rbc1 f6 27. Nxd7 Rxd7 28. Rxc8+ Nxc8 29. Bc6 Rd8 30. Bc7 Rf8 31. Bb7 Rf7 32. Rc1 Bh6 33. Rc2 Nb6 34. Bxa6 Nd5 35. Bd6 Rd7 36. Bc5 Nc7 37. Bc8 Rd8 38. Bb7 e5 39. Bb6 exd4 40. Rxc7 d3 41. Rg7+ Kxg7 42. Bxd8 Bc1 43. b3 Bxa3 44. Kf1 1-0

[Event "AUT-ch 2018"]
[Site "Vienna"]
[Date "2018.07.26"]
[Round "6"]
[White "Neumeier, Klaus"]
[Black "Zimmermann, Heinz"]
[Result "1-0"]
[ECO "E66"]
[WhiteElo "2284"]
[BlackElo "2162"]
[Annotator "NA"]
[PlyCount "59"]
[EventDate "2018.07.22"]
[EventType "swiss"]
[EventCountry "AUT"]
[SourceTitle "playchess.com"]
[Source "ChessBase"]
[SourceQuality "1"]
[TimeControl "40/5400+30:1800+30"]

1. Nf3 Nf6 2. c4 g6 3. g3 Bg7 4. Bg2 O-O 5. d4 d6 6. Nc3 c5 7. O-O Nc6 8. d5 Na5 9. Nd2 a6 10. Qc2 Rb8 11. b3 b5 12. Bb2 bxc4 13. bxc4 e5 14. Nd1 Bh6 15. Bc3 Bd7 16. e3 Ne8 17. f4 exf4 18. exf4 Bg7 19. Ne3 Bd4 20. Rae1 Bf5 21. Qc1 Bd3 22. Rf2 Ng7 23. Qa3 Bxc3 24. Qxc3 Bf5 25. g4 Bd7 26. f5 f6 27. Ne4 Ne8 28. fxg6 hxg6 29. Ref1 f5 30. gxf5 1-0

[Event "AUT-ch 2018"]
[Site "Vienna"]
[Date "2018.07.26"]
[Round "6"]
[White "Sadilek, Peter"]
[Black "Frank, Emanuel"]
[Result "1/2-1/2"]
[ECO "D37"]
[WhiteElo "2268"]
[BlackElo "2161"]
[Annotator "NA"]
[PlyCount "60"]
[EventDate "2018.07.22"]
[EventType "swiss"]
[EventCountry "AUT"]
[SourceTitle "playchess.com"]
[Source "ChessBase"]
[SourceQuality "1"]
[TimeControl "40/5400+30:1800+30"]

1. d4 d5 2. c4 e6 3. Nf3 Nf6 4. Nc3 Be7 5. g3 O-O 6. Bg2 dxc4 7. Ne5 c5 8. dxc5 Qxd1+ 9. Nxd1 Bxc5 10. O-O Nc6 11. Nxc4 Bd7 12. Be3 Bxe3 13. Ndxe3 Rfd8 14. Rfd1 Kf8 15. Nd6 Rab8 16. a3 Ke7 17. b4 Ne8 18. Ne4 Nf6 19. Nc5 Be8 20. Rxd8 Nxd8 21. a4 Bc6 22. Bxc6 Nxc6 23. b5 Na5 24. Rd1 Rc8 25. Nd3 Ne4 26. Ne5 f6 27. Nd3 Nc3 28. Rd2 Nb3 29. Rb2 Nd4 30. Kf1 e5 1/2-1/2

[Event "AUT-ch 2018"]
[Site "Vienna"]
[Date "2018.07.26"]
[Round "6"]
[White "Gelbenegger, Patrick"]
[Black "Miazhynski, Yuri"]
[Result "1-0"]
[ECO "B42"]
[WhiteElo "2260"]
[BlackElo "2147"]
[Annotator "ChessBase"]
[PlyCount "135"]
[EventDate "2018.07.22"]
[EventType "swiss"]
[EventCountry "AUT"]
[SourceTitle "playchess.com"]
[Source "ChessBase"]
[SourceQuality "1"]
[TimeControl "40/5400+30:1800+30"]

1. e4 c5 2. Nf3 e6 3. d4 cxd4 4. Nxd4 a6 5. Bd3 g6 6. O-O Bg7 7. Be3 Ne7 8. c3 d5 9. Nd2 O-O 10. Bg5 f6 11. Bh4 e5 12. N4b3 Nbc6 13. exd5 Nxd5 14. Ne4 Nf4 15. Bc4+ Be6 16. Bxe6+ Nxe6 17. Nd6 Qe7 18. Qd5 Rad8 19. Rad1 Kh8 20. Nc5 Rxd6 21. Qxd6 Qxd6 22. Rxd6 Nxc5 23. f3 Rd8 24. Rfd1 Ne6 25. Bf2 Rxd6 26. Rxd6 Nf8 27. b4 Kg8 28. a4 Kf7 29. c4 Ke8 30. b5 axb5 31. axb5 Na5 32. c5 Nc4 33. Rd1 Bh6 34. c6 bxc6 35. bxc6 Ne6 36. Rd7 Bf8 37. Rxh7 Be7 38. Rh8+ Nf8 39. Rh4 Nd6 40. Ra4 Bd8 41. Ra8 Ne6 42. Bb6 Nb5 43. Rc8 Nbc7 44. h4 Ke7 45. g4 Kd6 46. h5 gxh5 47. gxh5 Kxc6 48. h6 Ng5 49. Be3 Nf7 50. h7 Kd7 51. Rb8 f5 52. Bg5 Ne6 53. Bxd8 Nexd8 54. Kg2 f4 55. Ra8 Nh8 56. Kh3 Ndf7 57. Kg4 Ke6 58. Ra6+ Ke7 59. Kf5 e4 60. Ra7+ Ke8 61. fxe4 f3 62. Kf6 f2 63. Ra1 Nd6 64. e5 Ne4+ 65. Kg7 Nf7 66. e6 Neg5 67. exf7+ Nxf7 68. h8=Q+ 1-0

[Event "AUT-ch 2018"]
[Site "Vienna"]
[Date "2018.07.26"]
[Round "6"]
[White "Schmidlechner, Alexander"]
[Black "Atzl, Florian"]
[Result "0-1"]
[ECO "E15"]
[WhiteElo "2226"]
[BlackElo "2117"]
[Annotator "NA"]
[PlyCount "82"]
[EventDate "2018.07.22"]
[EventType "swiss"]
[EventCountry "AUT"]
[SourceTitle "playchess.com"]
[Source "ChessBase"]
[SourceQuality "1"]
[TimeControl "40/5400+30:1800+30"]

1. d4 Nf6 2. c4 e6 3. Nf3 b6 4. g3 Ba6 5. Qa4 Be7 6. Bg2 Bb7 7. O-O O-O 8. Nc3 c5 9. dxc5 bxc5 10. Rd1 d6 11. Bf4 a6 12. Rd2 Qc7 13. Rad1 Rd8 14. Qc2 Nc6 15. Bg5 h6 16. Bxf6 Bxf6 17. Ne4 Be7 18. Nc3 Rab8 19. b3 Ba8 20. e4 Bf6 21. Ne2 Nb4 22. Qb1 a5 23. Nf4 g6 24. h4 a4 25. Nh2 Nc6 26. Ng4 Bg7 27. h5 g5 28. Ne2 axb3 29. axb3 Na5 30. e5 Bxg2 31. Kxg2 Nxc4 32. exd6 Qb7+ 33. Kh2 Nxd2 34. Rxd2 Qf3 35. Ne3 Qxf2+ 36. Ng2 Be5 37. Qd1 Qf3 38. Rd3 Qxh5+ 39. Kg1 Ra8 40. Qc2 Ra1+ 41. Kf2 Qg6 0-1

[Event "AUT-ch 2018"]
[Site "Vienna"]
[Date "2018.07.26"]
[Round "6"]
[White "Sadilek, Maximilian"]
[Black "Thoma, Wilhelm Jun"]
[Result "1-0"]
[ECO "C00"]
[WhiteElo "2224"]
[BlackElo "2224"]
[Annotator "NA"]
[PlyCount "89"]
[EventDate "2018.07.22"]
[EventType "swiss"]
[EventCountry "AUT"]
[SourceTitle "playchess.com"]
[Source "ChessBase"]
[SourceQuality "1"]
[TimeControl "40/5400+30:1800+30"]

1. e4 e6 2. Qe2 c5 3. g3 Nc6 4. Nf3 Nge7 5. Bg2 g6 6. d3 Bg7 7. c3 b6 8. Na3 Ba6 9. h4 h5 10. O-O Rc8 11. Re1 O-O 12. Bd2 d6 13. Rad1 Ne5 14. Bg5 Qd7 15. Nc4 N7c6 16. Ncxe5 Nxe5 17. Nxe5 dxe5 18. Qf3 Rc6 19. Bf6 Rd6 20. Bf1 Qb7 21. Be2 Rc8 22. b3 Rc7 23. Kg2 Rcd7 24. c4 Qc8 25. Bxg7 Kxg7 26. g4 hxg4 27. Qg3 f6 28. Qxg4 Qe8 29. Kh2 Qh8 30. Rg1 Qh6 31. Rg3 f5 32. Qh3 Kf6 33. Rg5 Rg7 34. Rdg1 Rd8 35. Qg3 Rh8 36. h5 Rhg8 37. f4 gxh5 38. fxe5+ Kf7 39. Rxg7+ Rxg7 40. Qxg7+ Qxg7 41. Bxh5+ Kf8 42. Rxg7 Kxg7 43. exf5 exf5 44. Kg3 Kh6 45. e6 1-0

[Event "AUT-ch 2018"]
[Site "Vienna"]
[Date "2018.07.26"]
[Round "6"]
[White "Khalakhan, Jurij"]
[Black "Wagner, Leopold Franziskus"]
[Result "1-0"]
[ECO "A05"]
[WhiteElo "2215"]
[BlackElo "2108"]
[Annotator "NA"]
[PlyCount "125"]
[EventDate "2018.07.22"]
[EventType "swiss"]
[EventCountry "AUT"]
[SourceTitle "playchess.com"]
[Source "ChessBase"]
[SourceQuality "1"]
[TimeControl "40/5400+30:1800+30"]

1. Nf3 Nf6 2. g3 g6 3. Bg2 Bg7 4. O-O O-O 5. d4 e6 6. c4 d5 7. Nc3 b6 8. cxd5 exd5 9. Bf4 c6 10. Bxb8 Rxb8 11. Qa4 Qc7 12. Rac1 b5 13. Qd1 Qd6 14. e3 Bf5 15. Ne2 Ne4 16. Nf4 Bg4 17. Qc2 Rbc8 18. Nd3 Bxf3 19. Bxf3 f5 20. Bg2 Rfe8 21. Qb3 Nd2 22. Qc2 Nxf1 23. Bxf1 g5 24. Bh3 Rf8 25. Qc5 Qxc5 26. Rxc5 a5 27. b4 Rf6 28. bxa5 Bf8 29. Rc2 Bd6 30. Bg2 Kg7 31. Bxd5 Ra8 32. Rxc6 Rxa5 33. Rb6 h5 34. Rb7+ Kh6 35. Bb3 h4 36. Kg2 hxg3 37. hxg3 g4 38. Ne5 Bxe5 39. dxe5 Rf8 40. e6 Kg6 41. e7 Re8 42. Rb6+ Kg7 43. e4 fxe4 44. Re6 Ra7 45. Rxe4 Raxe7 46. Rxg4+ Kh6 47. Rf4 Re2 48. Kf3 Kg5 49. Rg4+ Kf5 50. Rb4 R2e5 51. g4+ Kg5 52. Kg3 Kf6 53. Rf4+ Kg7 54. Rf7+ Kg6 55. f3 Re3 56. Rb7 R8e5 57. Kf4 Re1 58. Bc2+ Kf6 59. g5+ Ke6 60. Bb3+ Kd6 61. g6 Re7 62. g7 Rxb7 63. g8=Q {[%emt 0:00:17] Kd5 Ke4+} 1-0

[Event "AUT-ch 2018"]
[Site "Vienna"]
[Date "2018.07.26"]
[Round "6"]
[White "Spiesberger, Gerhard"]
[Black "Breneis, Lukas"]
[Result "0-1"]
[ECO "D01"]
[WhiteElo "2205"]
[BlackElo "2058"]
[Annotator "NA"]
[PlyCount "112"]
[EventDate "2018.07.22"]
[EventType "swiss"]
[EventCountry "AUT"]
[SourceTitle "playchess.com"]
[Source "ChessBase"]
[SourceQuality "1"]
[TimeControl "40/5400+30:1800+30"]

1. d4 Nf6 2. Nc3 d5 3. Bg5 Bf5 4. e3 e6 5. Bd3 Bxd3 6. cxd3 Be7 7. Nf3 Nbd7 8. O-O O-O 9. e4 c5 10. dxc5 Nxc5 11. e5 Ne8 12. Bxe7 Qxe7 13. d4 Nd7 14. Qd3 Nc7 15. Nb5 Nxb5 16. Qxb5 Nb8 17. Rac1 Nc6 18. Rc5 a6 19. Qd3 f6 20. Rfc1 Rac8 21. Qe3 f5 22. Qg5 Qd7 23. h4 Rc7 24. b4 Rfc8 25. a3 a5 26. Qd2 b6 27. R5c2 axb4 28. axb4 Nd8 29. b5 h6 30. Rxc7 Rxc7 31. Rxc7 Qxc7 32. Qb4 Nb7 33. h5 Kf7 34. Qa3 Na5 35. Nh4 Qe7 36. Qh3 Qg5 37. Ng6 Nc4 38. Nh8+ Kg8 39. Ng6 Kf7 40. Nh8+ Kg8 41. Ng6 Qc1+ 42. Kh2 Kf7 43. Qh4 Qg5 44. Qh3 Qg4 45. Qxg4 fxg4 46. Kg3 Na3 47. Nf4 Nxb5 48. Ne2 Na3 49. Nc1 Nc2 50. Nb3 Ne1 51. Kxg4 Nxg2 52. Kg3 Ne1 53. f4 g6 54. Kg4 Nc2 55. Kh4 Ne3 56. Kg3 gxh5 0-1

[Event "AUT-ch 2018"]
[Site "Vienna"]
[Date "2018.07.26"]
[Round "6"]
[White "Windhager, Hannes"]
[Black "Huber, Martin Christian"]
[Result "0-1"]
[ECO "C12"]
[WhiteElo "2203"]
[BlackElo "2374"]
[Annotator "NA"]
[PlyCount "106"]
[EventDate "2018.07.22"]
[EventType "swiss"]
[EventCountry "AUT"]
[SourceTitle "playchess.com"]
[Source "ChessBase"]
[SourceQuality "1"]
[TimeControl "40/5400+30:1800+30"]

1. e4 e6 2. d4 d5 3. Nc3 Nf6 4. Bg5 Bb4 5. e5 h6 6. Bd2 Bxc3 7. Bxc3 Ne4 8. Bb4 c5 9. Bxc5 Nxc5 10. dxc5 Qa5+ 11. Qd2 Qxc5 12. f4 Nc6 13. Nf3 a5 14. O-O-O O-O 15. Kb1 b5 16. g4 b4 17. Bd3 Ne7 18. h4 a4 19. h5 Ba6 20. f5 Bxd3 21. Qxd3 b3 22. cxb3 axb3 23. a3 Rfb8 24. Rc1 Qb6 25. f6 Nc6 26. fxg7 Na5 27. g5 Nc4 28. gxh6 Qf2 29. h7+ Kxg7 30. Rcg1+ Kh8 31. Rg8+ Rxg8 32. hxg8=Q+ Rxg8 33. Qxb3 Qxf3 34. Qxf3 Nd2+ 35. Kc2 Nxf3 36. a4 Rc8+ 37. Kd3 Nxe5+ 38. Kd4 Nd7 39. b3 Rc5 40. Rf1 f5 41. Ra1 e5+ 42. Kd3 d4 43. a5 Rc3+ 44. Ke2 Re3+ 45. Kf2 Rxb3 46. a6 Rb8 47. a7 Ra8 48. Ra6 Kg7 49. Kg3 Nc5 50. Ra5 Ne4+ 51. Kf3 d3 52. Ke3 d2 53. Ke2 Rd8 0-1

[Event "AUT-ch 2018"]
[Site "Vienna"]
[Date "2018.07.26"]
[Round "6"]
[White "Exler, Veronika"]
[Black "Morgunov, Marc"]
[Result "0-1"]
[ECO "E11"]
[WhiteElo "2198"]
[BlackElo "2362"]
[Annotator "NA"]
[PlyCount "60"]
[EventDate "2018.07.22"]
[EventType "swiss"]
[EventCountry "AUT"]
[SourceTitle "playchess.com"]
[Source "ChessBase"]
[SourceQuality "1"]
[TimeControl "40/5400+30:1800+30"]

1. d4 Nf6 2. c4 e6 3. Nf3 Bb4+ 4. Bd2 Be7 5. g3 O-O 6. Bg2 d5 7. O-O Nbd7 8. Bf4 dxc4 9. Nbd2 b5 10. a4 c6 11. e4 Bb7 12. Qc2 a6 13. b3 cxb3 14. Nxb3 c5 15. e5 Nd5 16. axb5 axb5 17. Rxa8 Qxa8 18. Ra1 Qb8 19. dxc5 Rc8 20. Qe2 Nxc5 21. Nxc5 Nxf4 22. gxf4 Rxc5 23. Nd4 g6 24. Nb3 Rc8 25. Ra5 Bxg2 26. Kxg2 Qb7+ 27. Kg1 b4 28. Rb5 Qd7 29. h4 Rc3 30. Na5 Qd4 0-1